AoeStats
← zdena.omega

Arabia

509428440Analyzed
1v1 RM · 5d ago on Sep 26, 2026· 62m 56s· 2 players
Game mode
Random Map
Map size
Tiny (2 player)
Population
200
Speed
Normal
Resources
Standard
Victory
Conquest
Starting age
Dark Age
Ending age
Imperial Age
RankedLock teamsTeams togetherTeam positionsShared explorationLock speedFull tech treeHidden civsTurbo modeCheats
Victory
Defeat
🇨🇿 Gurjaras · Czechia
1147
+16
🇩🇪 Varangians · Germany
1145
-16
The Diaper
6:52 Loom
9:26 Feudal Age
9:30 Man-at-Arms
10:00 Double-Bit Axe
21:11 Castle Age
19:16 Gold Mining
20:18 Bloodlines
20:21 Scale Barding Armor
20:42 Horse Collar
23:13 Pikeman
24:17 Scale Mail Armor
25:21 Squires
27:09 Chain Mail Armor
28:05 Forging
30:10 Gambesons
37:00 Wheelbarrow
37:11 Iron Casting
36:04 Pikeman
41:12 Imperial Age
39:10 Fletching
39:22 Padded Archer Armor
40:11 Bodkin Arrow
39:39 Elite Skirmisher
41:07 Hand Cart
41:47 Arson
42:40 Plate Mail Armor
43:23 Blast Furnace
43:43 Conscription
46:30 Elite Varangian Guard
50:26 Conscription
51:53 Vendel Legacy
56:02 Bracer
56:23 Halberdier
zdena.omega
6:28 Loom
9:40 Feudal Age
10:14 Double-Bit Axe
20:37 Castle Age
18:49 Scale Barding Armor
19:15 Gold Mining
19:09 Horse Collar
20:46 Forging
20:52 Bloodlines
21:30 Bow Saw
22:16 Husbandry
29:27 Fletching
29:37 Padded Archer Armor
30:02 Stone Mining
32:32 Wheelbarrow
32:23 Heavy Plow
33:12 Leather Archer Armor
34:53 Town Watch
40:37 Imperial Age
41:02 Iron Casting
40:48 Chain Barding Armor
41:03 Ballistics
42:01 Conscription
41:51 Heavy Camel Rider
43:39 Chemistry
43:31 Crop Rotation
45:43 Light Cavalry
47:49 Hand Cart
48:34 Gold Shaft Mining
48:35 Stone Shaft Mining
49:10 Town Patrol
50:11 Hussar
52:47 Plate Barding Armor
52:34 Elite Chakram Thrower
54:44 Murder Holes
55:30 Hoardings
55:54 Bodkin Arrow
59:32 Bracer
59:56 Frontier Guards
59:45 Kshatriyas
Connection lost

Rejoining the realm…

Still unreachable

The connection could not be restored.

Session expired

The server has moved on; the page needs a fresh start.